 Dungeon Crawl Stone Soup version 0.29.1-1-gd02db6906a (webtiles) character file.

Game seed: 16113209571077142609

63 xian the Shooter (level 3, -2/28 HPs)
             Began as a Palentonga Hunter on Sept 21, 2022.
             Slain by Sigmund
             ... wielding a +0 scythe
              (7 damage)
             ... on level 2 of the Dungeon.
             The game lasted 00:04:24 (1445 turns).

xian the Shooter (Palentonga Hunter)                Turns: 1445, Time: 00:04:25

Health: -2/28      AC:  6    Str: 18    XL:     3   Next: 89%
Magic:  3/3        EV:  9    Int:  9    God:
Gold:   76         SH:  0    Dex: 13    Spells: 2/2 levels left

rFire   . . .      SeeInvis +   e - +0 dagger
rCold   . . .      Faith    .   (no shield)
rNeg    . . .      Spirit   .   c - +0 leather armour
rPois   .          Reflect  .   p - +0 helmet
rElec   .          Harm     .   g - +0 cloak
rCorr   .          Rampage  .   (no gloves)
Will    .....                   (no barding)
Stlth   +.........              (no amulet)
HPRegen 0.09/turn               h - ring of wizardry
MPRegen 0.08/turn               (no ring)

@: confused, brilliant, attractive
A: large, rugged brown scales 3, see invisible, deformed body, roll 1, armoured
tail
a: Rolling Charge


You were on level 2 of the Dungeon.
You visited 1 branch of the dungeon, and saw 2 of its levels.

You collected 76 gold pieces.

Inventory:

Hand Weapons
 a - a +0 shortbow
 e - a +0 dagger (weapon)
Missiles
 j - an atropa-tipped dart (quivered)
Armour
 c - a +0 leather armour (worn)
 g - a +0 cloak (worn)
 p - a +0 helmet (worn)
 s - a +0 tower shield
Jewellery
 h - a ring of wizardry (left hand)
Scrolls
 b - a scroll of immolation
 f - a scroll of fog
 i - a scroll of magic mapping
 o - a scroll of enchant weapon {unknown}
 q - a scroll of poison
 t - a scroll of amnesia {unknown}
Potions
 d - a potion of haste {unknown}
 k - a potion of mutation {unknown}
 m - a potion of resistance
 n - a potion of brilliance
 r - a potion of lignification {unknown}


   Skills:
 + Level 2.2 Fighting
 + Level 4.2 Ranged Weapons
 + Level 0.8 Armour
 + Level 1.8 Dodging
 + Level 0.5 Stealth


You had 2 spell levels left.
You didn't know any spells.
Your spell library was empty.

Dungeon Overview and Level Annotations

Branches:
Dungeon (2/15)

Altars:

Annotations:
D:2 Sigmund


Innate Abilities, Weirdness & Mutations

You are completely covered in rugged brown scales. (AC +3, +7% HP)
You have supernaturally acute eyesight. (SInv)
Armour fits poorly on your strangely shaped body.
You can roll at nearby foes to attack.
You have a long armoured tail.


Message History

Sigmund appears confused.
Sigmund is heavily wounded.
Sigmund seems less confused.
Sigmund completely misses you.
Really attack while wielding your +0 shortbow? [Y]es or [N]o only, please.
Really attack while wielding your +0 shortbow? [Y]es or [N]o only, please.
Really attack while wielding your +0 shortbow? [Y]es or [N]o only, please.
Really attack while wielding your +0 shortbow? [Y]es or [N]o only, please.
Really attack while wielding your +0 shortbow? [Y]es or [N]o only, please.
Really attack while wielding your +0 shortbow?
Okay, then.
e - a +0 dagger (weapon)
You strike the helpless Sigmund from behind!
You hit Sigmund.
Sigmund is severely wounded.
Sigmund misses you.
You barely miss Sigmund.
Sigmund is severely wounded.
You hit Sigmund.
Sigmund is severely wounded.
Sigmund is no longer blind.
Sigmund misses you.
You hit Sigmund but do no damage.
Sigmund is severely wounded.
Sigmund hits you with a +0 scythe.
* * * LOW HITPOINT WARNING * * *
You hit Sigmund but do no damage.
Sigmund is severely wounded.
You closely miss Sigmund. You tail-slap Sigmund.
Sigmund is almost dead.
Sigmund casts a spell at you.
You are confused.
Unknown command.
It was a potion of attraction.
You feel attractive to monsters. Sigmund hits you with a +0 scythe!
You die...

#......# #......#
######......###########
....................>.##
.#####.........######..# .#
#.........# ##.######### .#
#####.....## #.........# [#
#......## #.........#
.#########......@### #.........#
...........#####@(.###.#########
.##...####.# ###.....### #
...........# #.......#..
.##....##### ##...##..)..
###......# #..†........
.(.....#.# #...........
.......#.# #...........
.......#.# #..(........


You could see Sigmund.

Vanquished Creatures
  Natasha (D:2)
  A dart slug (D:1)
  A ball python (D:1)
  5 endoplasms
  2 giant cockroaches
  4 goblins (D:1)
  5 hobgoblins (D:1)
  2 quokkas (D:1)
  3 bats (D:1)
  4 frilled lizards (D:1)
  3 kobolds (D:1)
  5 rats (D:1)
36 creatures vanquished.

Notes
Turn   | Place    | Note
-------+----------+-------------------------------------------
     0 | D:1      | xian the Palentonga Hunter began the quest for the Orb.
     0 | D:1      | Reached XP level 1. HP: 17/17 MP: 1/1
   130 | D:1      | Reached XP level 2. HP: 21/23 MP: 2/2
   708 | D:1      | Reached XP level 3. HP: 16/28 MP: 3/3
  1062 | D:1      | Found a faded altar of an unknown god.
  1220 | D:2      | Noticed Natasha
  1225 | D:2      | Killed Natasha
  1226 | D:2      | Reached skill level 4 in Ranged Weapons
  1411 | D:2      | Noticed Sigmund
  1445 | D:2      | Slain by Sigmund

Illustrated notes

Levels and vault maps discovered:
D:1:      dpeg_arrival_prison, layout_loops_ring,
          shapermc_ecumenical_altar_petra, dreamdust_princess_bridge
D:2:      layout_basic, uniq_sigmund, uniq_natasha

Skill      XL: |  1  2  3 |
---------------+----------+-----
Ranged Weapons | 4 |  4.2
Fighting       | |  2.2
Armour         | |  0.8
Dodging        | |  1.8
Stealth        | |  0.5

Action                   || total
-------------------------++-------
Melee: Dagger            ||     6
       Tailslap          ||     1
 Fire: Shortbow          ||   125
Throw: Dart              ||     2
  Use: Scroll            ||     4
       Potion            ||     2
 Stab: Invisible         ||     1
Armor: Leather armour    ||    31
Dodge: Dodged            ||    37
